 Dungeon Crawl Stone Soup version 0.31-a0-1009-g454b1f1e0a (webtiles) character file.

Game seed: 4504116595640727424

170 Malachi the Trooper (level 5, 0/43 HPs)
             Began as a Demonspawn Monk on Nov 16, 2023.
             Was a Priest of Vehumet.
             Slain by a river rat (4 damage)
             ... summoned by Eustachio
             ... on level 4 of the Dungeon.
             The game lasted 00:03:40 (2695 turns).

Malachi the Trooper (Demonspawn Monk)               Turns: 2695, Time: 00:03:41

Health: 0/43       AC:  8    Str: 14    XL:     5   Next: 26%
Magic:  5/5        EV: 10    Int: 11    God:    Vehumet [***...]
Gold:   66         SH:  0    Dex: 15    Spells: 4/4 levels left

rFire   . .          .
                       - Unarmed
rCold   . . .        c - orb {light}
rNeg    . . .        q - +0 scale mail
rPois   .            f - +2 hat
rElec   .            (no cloak)
rCorr   .            (no gloves)
SInv    .            (no boots)
Will    .....        (no amulet) Stlth
                     (no ring)
HPRegen 0.27/turn    (no ring)
MPRegen 0.09/turn

%: no passive effects
@: glowing
A: antennae 2, foul stench 1
a: Renounce Religion


You were on level 4 of the Dungeon.
You worshipped Vehumet.
Vehumet was most pleased with you.
You visited 1 branch of the dungeon, and saw 4 of its levels.

You collected 66 gold pieces.

Inventory:

Missiles
 o - 2 throwing nets
Armour
 c - an orb of light (worn)
 f - a +2 hat (worn)
 q - a +0 scale mail (worn)
Scrolls
 d - a scroll of butterflies {unknown}
 h - a scroll of identify {unknown}
 i - a scroll of vulnerability {unknown}
 j - a scroll of fog {unknown}
 k - a scroll of amnesia {unknown}
 n - a scroll of fear {unknown}
 p - a scroll of silence {unknown}
 r - a scroll of acquirement {unknown}
Potions
 b - a potion of ambrosia
 g - a potion of curing
 l - a potion of attraction {unknown}
 m - a potion of degeneration {unknown}


   Skills:
 + Level 4.6 Fighting
 - Level 3.0 Dodging
 + Level 4.1 Unarmed Combat


You had 4 spell levels left.
You didn't know any spells.
Your spell library contained the following spells:

 Spells                   Type           Power      Damage    Failure   Level
 Frozen Ramparts          Ice            0%         1d1       71%         3
 Shock                    Conj/Air       0%         1d3       36%         1
 Momentum Strike          Conj/Tloc      0%         3d8       50%         2
 Hailstorm                Conj/Ice       0%         3d3       71%         3
 Sting                    Tmut/Pois      0%         1d3       85%         1
 Blink                    Tloc           0%         N/A       94%         2
 Lesser Beckoning         Tloc           0%         N/A       94%         2
 Airstrike                Air            0%         2d(0-16)  97%         4
 Swiftness                Air            0%         N/A       99%         3
 Summon Ice Beast         Ice/Summ       0%         N/A       100%        4
 Irradiate                Conj/Tmut      0%         3d11      100%        5
 Summon Forest            Summ/Tloc      0%         N/A       100%        5
 Simulacrum               Ice/Necr       0%         N/A       100%        6


Dungeon Overview and Level Annotations

Branches:
Dungeon (4/15)
 Temple: D:4-7

Altars:
Cheibriados
Kikubaaqudgha
Sif Muna
Vehumet

Annotations:
D:4 Eustachio


Innate Abilities, Weirdness & Mutations

You have a pair of antennae on your head.
You may rarely emit foul miasma when damaged in melee.


Message History

You barely miss the river rat.
The river rat is almost dead.
The river rat closely misses you.
You hit the river rat but do no damage.
The river rat is almost dead.
The crimson imp disappears in a puff of smoke!
The river rat closely misses you.
You hit the river rat but do no damage.
The river rat is almost dead.
The river rat misses you.
You hit the river rat.
You kill the river rat!
The river rat's corpse disappears in a puff of smoke!
The shadow imp summons a swarm of flies.
You hit the river rat.
The river rat is lightly wounded.
The river rat barely misses you.
The shadow imp sputters.
You hit the river rat but do no damage.
The river rat is lightly wounded.
The shadow imp disappears in a puff of smoke!
The river rat closely misses you.
You hit the river rat but do no damage.
The river rat is lightly wounded.
The river rat bites you!
* * * LOW HITPOINT WARNING * * *
You barely miss the river rat.
The river rat is lightly wounded.
The river rat bites you.
* * * LOW HITPOINT WARNING * * *
You barely miss the river rat.
The river rat is lightly wounded.
The river rat closely misses you.
You hit the river rat but do no damage.
The river rat is lightly wounded.
The river rat bites you but does no damage.
You hit the river rat.
The river rat is heavily wounded.
The river rat bites you.
You die...

#+# #.# #.. #.###### _..
#.#....# ..##.#....#
####..#@#....#
####..#r#{...#
#._..§#.#....###
#.......#....'.#
.....#..#....#.# ...#
#..#....#.# ..
#.......#.#
.............#.####
....<###.>...#†...######


You could see a river rat (summoned).

Vanquished Creatures
  An iguana (D:4)
  Natasha (D:4)
  6 adders
  2 worms
  2 dart slugs
  An orc (D:3)
  5 endoplasms
  A giant cockroach (D:3)
  4 goblins
  5 hobgoblins
  2 quokkas
  5 ball pythons
  4 bats
  6 frilled lizards
  7 kobolds
  5 rats
57 creatures vanquished.

Notes
Turn   | Place    | Note
-------+----------+-------------------------------------------
     0 | D:1      | Malachi the Demonspawn Monk began the quest for the Orb.
     0 | D:1      | Reached XP level 1. HP: 18/18 MP: 1/1
   379 | D:1      | Gained mutation: You have a pair of small antennae on your
                  | head. [demonic ancestry]
   379 | D:1      | Reached XP level 2. HP: 23/24 MP: 2/2
  1049 | D:2      | Identified the "Boashyen"
  1125 | D:2      | Reached XP level 3. HP: 29/29 MP: 3/3
  1588 | D:2      | Found an ancient bone altar of Kikubaaqudgha.
  1943 | D:1      | Prayed at the altar of an unknown god.
  1943 | D:1      | Became a worshipper of Vehumet
  1943 | D:1      | Reached * piety under Vehumet
  1943 | D:1      | Offered knowledge of Kiss of Death by Vehumet.
  1943 | D:1      | Reached ** piety under Vehumet
  2033 | D:3      | Gained mutation: You may rarely emit foul miasma when
                  | damaged in melee. [demonic ancestry]
  2033 | D:3      | Reached XP level 4. HP: 29/37 MP: 4/4
  2063 | D:3      | Reached *** piety under Vehumet
  2111 | D:3      | Offered knowledge of Foxfire by Vehumet.
  2278 | D:3      | Offered knowledge of Frozen Ramparts by Vehumet.
  2571 | D:4      | Gained mutation: You have a pair of antennae on your head.
                  | [demonic ancestry]
  2571 | D:4      | Reached XP level 5. HP: 43/43 MP: 5/5
  2644 | D:4      | Noticed Eustachio
  2644 | D:4      | Noticed Natasha
  2646 | D:4      | Found a snail-covered altar of Cheibriados.
  2646 | D:4      | Found a shimmering blue altar of Sif Muna.
  2668 | D:4      | Killed Natasha
  2695 | D:4      | Slain by a river rat

Illustrated notes

Levels and vault maps discovered:
D:1:      spicycebolla_arrival_ecumenical, layout_basic, minmay_door_square,
          nicolae_wormholes
D:2:      layout_basic, basic_altar, kennysheep_small_spiral
D:3:      layout_rooms
D:4:      layout_basic, nicolae_overflow_macrodata_refinement, serial_shops,
          shop, cheibrodos_sewer_entry_sluice, uniq_eustachio, uniq_natasha,
          uniq_menkaure

Skill      XL: |  1  2  3  4 |
---------------+-------------+-----
Dodging        | 3 |  3.0
Unarmed Combat | 3 4 |  4.1
Fighting       | 4 |  4.6

Action                     |  1- 3 |  4- 6 || total
---------------------------+-------+-------++-------
  Melee: Unarmed           |   113 |    91 ||   204
    Use: Potion            |       |     2 ||     2
 Armour: Robe              |    50 |     8 ||    58
         Scale mail        |       |    64 ||    64
  Dodge: Dodged            |    56 |    55 ||   111

Table legend: (Time is in decaauts)
 A = Elapsed time spent in this place.
 B = Non-inter-level travel time spent in this place.
 C = Inter-level travel time spent in this place.
 D = Time resting spent in this place.
 E = Time spent auto-exploring this place.
 F = Levels seen in this place.
 G = Mean time per level.
                   A        B        C        D        E       F      G
               +--------+--------+--------+--------+--------+-----+--------+
         Total |   2695 |   2608 |     87 |    520 |   1631 |   4 |  673.8 |
       Dungeon |   2695 |   2608 |     87 |    520 |   1631 |   4 |  673.8 |
               +--------+--------+--------+--------+--------+-----+--------+

Top non-repeatable levels by time:
     D:1: 1053 daAuts
     D:2: 930 daAuts
     D:3: 469 daAuts
     D:4: 241 daAuts
